 Dungeon Sprint DCSS version 0.27.1-1-g398f81649c (webtiles) character file.

Game seed: 18162185028505633212

8421 ugugthedestroyer the Cleaver (level 10, -12/145 HPs)
             Began as a Demigod Fighter on Sept 6, 2021.
             Mangled by a 12-headed hydra (13 damage)
             ... in the Dungeon (Sprint VII: "The Pits").
             The game lasted 00:09:21 (2349 turns).

ugugthedestroyer the Cleaver (Demigod Fighter)      Turns: 2349, Time: 00:09:21

Health: -12/145    AC: 12    Str: 29    XL:     10   Next: 84%
Magic:  13/13      EV: 17    Int: 10    God:
Gold:   0          SH: 14    Dex: 16    Spells: 9/9 levels left

rFire    . . .     SeeInvis .   k - +2 hand axe
rCold    . . .     Faith    .   c - +0 kite shield
rNeg     . . .     Spirit   .   p - +5 ring mail
rPois    .         Reflect  .   (helmet restricted)
rElec    .         Harm     .   (no cloak)
rCorr    .         Rampage  .   (no gloves)
Will     +....     NoTele   +   (no boots)
Stlth    ..........             (no amulet)
HPRegen  0.34/turn              d - +3 ring of dexterity
MPRegen  0.13/turn              g - +3 ring of evasion

@: berserking (expiring), very quick
A: high mp 1, forlorn, horns 1
a: no special abilities


You were in the Dungeon.
You visited 1 branch

Inventory:

Hand Weapons
 a - a +0 war axe
 k - a +2 hand axe (weapon)
Armour
 b - a +0 scale mail
 c - a +0 kite shield (worn)
 l - a +0 troll leather armour
 o - a +3 ring mail
 p - a +5 ring mail (worn)
Jewellery
 d - a +3 ring of dexterity (left hand)
 g - a +3 ring of evasion (right hand)
Scrolls
 m - 5 scrolls of amnesia
 n - a scroll of summoning
Potions
 e - 6 potions of curing
 h - 4 potions of magic
 j - a potion of brilliance


   Skills:
 * Level 12.2 Fighting
 + Level 13.5 Axes
 + Level 10.8 Armour
 + Level 6.5 Dodging
 - Level 0.2 Stealth
 + Level 12.4 Shields


You had 9 spell levels left.
You didn't know any spells.
Your spell library was empty.

Dungeon Overview and Level Annotations

Branches:
Dungeon (1/1)


Innate Abilities, Weirdness & Mutations

Your attributes grow dramatically as you level up.
You have an increased reservoir of magic. (+10% MP)
You shall have no god before yourself.
You have a pair of small horns on your head.


Message History

You closely miss the killer bee. You barely miss the elephant.
You hit the killer bee.
You kill the killer bee!
You block the killer bee's attack. You block the gnoll's attack.
The ten-headed hydra misses you.
The ten-headed hydra bites you but does no damage.
The ten-headed hydra misses you.
The ten-headed hydra completely misses you.
The ten-headed hydra bites you.
* * * LOW HITPOINT WARNING * * *
The ten-headed hydra barely misses you.
You block the ten-headed hydra's attack.
The ten-headed hydra bites you!
* * * LOW HITPOINT WARNING * * *
You block the ten-headed hydra's attack.
The ten-headed hydra closely misses you.
Unknown command.
You lop one of the ten-headed hydra's heads off!
The nine-headed hydra grows two more!
You slash the 11-headed hydra! You headbutt the 11-headed hydra!
The 11-headed hydra is heavily wounded.
You hit the elephant. You slash the killer bee!
You kill the killer bee!
You barely miss the ufetubus. You block the ufetubus's attack.
The ufetubus completely misses you. The elephant barely misses you.
The elephant closely misses you.
Unknown command.
Unknown command.
Unknown command.
Unknown command.
You lop one of the 11-headed hydra's heads off!
The ten-headed hydra grows two more!
You slash the 12-headed hydra!
Your headbutt misses the 12-headed hydra.
The 12-headed hydra is heavily wounded.
Your shield and ring mail prevent you from hitting the ufetubus.
You hit the ynoxinul. You slash the elephant! The gnoll completely misses you.
The 12-headed hydra bites you!
* * * LOW HITPOINT WARNING * * *
You block the 12-headed hydra's attack. x2; The 12-headed hydra bites you!
You die...

+...##...###
#..##......## ####+
#.÷#..††....## ####.....
...'...†.†...###........
...###†......##.........
....)###......#.........
......)##.....#555......
..####).##....#Y355.....
.##..##..+.....#@Dyg....
.+....').#......##'.....
.##..##†.#.....g†g######
..####...##...#####
#.........##.##
##############


You could see a 12-headed hydra, an elephant, a ynoxinul, a killer bee, 2 gnolls
and 5 ufetubi.

Vanquished Creatures
  An anaconda (D)
  A two-headed ogre (D)
  2 deep trolls (D)
  A lindwurm (D)
  A deep elf zephyrmancer (D)
  A deep elf pyromancer (D)
  A black mamba (D)
  A smoke demon (D)
  A molten gargoyle (D)
  An orange demon (D)
  A freezing wraith (D)
  A polar bear (D)
  2 jumping spiders (D)
  A redback (D)
  An air elemental (D)
  A shadow (D)
  A spriggan (D)
  2 wraiths (D)
  2 fire bats (D)
  4 vampire mosquitoes (D)
  A warg (D)
  2 water moccasins (D)
  An ogre (D)
  2 phantoms (D)
  2 scorpions (D)
  5 killer bees (D)
  4 wights (D)
  2 gnoll shamans (D)
  2 gnolls (D)
  An adder (D)
  An ufetubus (D)
  An orc (D)
  A ball python (D)
  3 bats (D)
  An endoplasm (D)
  2 jackals (D)
  3 frilled lizards (D)
  A giant cockroach zombie (D)
  A kobold (D)
63 creatures vanquished.

Vanquished Creatures (others)
  A gnoll (D)
  A quokka skeleton (D)
2 creatures vanquished.

Grand Total: 65 creatures vanquished

Notes
Turn   | Place    | Note
-------+----------+-------------------------------------------
     0 | D        | ugugthedestroyer the Demigod Fighter began the quest for
                  | the Orb.
     0 | D        | Reached XP level 1. HP: 18/18 MP: 3/3
    11 | D        | Noticed a scorpion
    18 | D        | Killed a scorpion
    19 | D        | Reached skill level 2 in Axes
    19 | D        | Reached XP level 2. HP: 13/28 MP: 4/4
    19 | D        | Reached XP level 3. HP: 15/34 MP: 5/5
   192 | D        | Noticed a scorpion
   202 | D        | Killed a scorpion
   203 | D        | Reached skill level 5 in Fighting
   203 | D        | Reached skill level 3 in Axes
   203 | D        | Reached skill level 5 in Armour
   203 | D        | Reached skill level 5 in Shields
   203 | D        | Reached XP level 4. HP: 36/42 MP: 6/6
   299 | D        | Noticed a fire bat
   300 | D        | Noticed a water moccasin
   301 | D        | Noticed an ogre
   320 | D        | Killed a water moccasin
   321 | D        | Reached skill level 4 in Axes
   321 | D        | Reached XP level 5. HP: 20/50 MP: 7/7
   324 | D        | Killed an ogre
   325 | D        | Reached skill level 5 in Axes
   325 | D        | Reached XP level 6. HP: 34/58 MP: 8/8
   337 | D        | Killed a fire bat
   338 | D        | Reached skill level 6 in Axes
   588 | D        | Reached XP level 7. HP: 46/67 MP: 9/9
   688 | D        | Noticed a wraith
   711 | D        | Killed a wraith
   712 | D        | Reached skill level 7 in Axes
   947 | D        | Noticed a fire bat
   985 | D        | Killed a fire bat
   986 | D        | Reached skill level 8 in Axes
  1127 | D        | Noticed a jumping spider
  1127 | D        | Noticed a deep elf pyromancer
  1128 | D        | Noticed a fire elemental
  1128 | D        | Noticed a fire elemental
  1140 | D        | Killed a jumping spider
  1148 | D        | Noticed a fire elemental
  1148 | D        | Noticed a fire elemental
  1150 | D        | Killed a deep elf pyromancer
  1151 | D        | Reached skill level 9 in Axes
  1151 | D        | Reached XP level 8. HP: 42/75 MP: 10/10
  1181 | D        | Gained mutation: You have a pair of small horns on your
                  | head. [potion of mutation]
  1274 | D        | Noticed a deep troll
  1276 | D        | Noticed a smoke demon
  1284 | D        | Killed a smoke demon
  1285 | D        | Reached skill level 1 in Dodging
  1287 | D        | Killed a deep troll
  1288 | D        | Reached skill level 10 in Axes
  1398 | D        | Noticed a black mamba
  1407 | D        | Killed a black mamba
  1408 | D        | Reached skill level 11 in Axes
  1408 | D        | Reached skill level 10 in Shields
  1408 | D        | Reached XP level 9. HP: 50/85 MP: 11/11
  1662 | D        | Noticed a two-headed ogre
  1662 | D        | Noticed a molten gargoyle
  1664 | D        | Paralysed by an air elemental for 1 turns
  1668 | D        | Paralysed by an air elemental for 1 turns
  1671 | D        | Reached skill level 10 in Fighting
  1674 | D        | Killed a molten gargoyle
  1675 | D        | Reached skill level 10 in Armour
  1678 | D        | Killed a two-headed ogre
  1679 | D        | Reached skill level 12 in Axes
  1695 | D        | Noticed a lindwurm
  1710 | D        | Killed a lindwurm
  1714 | D        | Noticed an orange demon
  1721 | D        | Killed an orange demon
  1722 | D        | Reached XP level 10. HP: 43/94 MP: 13/13
  1939 | D        | Reached skill level 13 in Axes
  1939 | D        | Noticed a deep troll
  1950 | D        | Killed a deep troll
  1951 | D        | Reached skill level 5 in Dodging
  2315 | D        | Noticed a deep elf zephyrmancer
  2316 | D        | Noticed an anaconda
  2317 | D        | Noticed an elephant
  2329 | D        | Noticed a five-headed hydra
  2338 | D        | Killed an anaconda
  2344 | D        | Killed a deep elf zephyrmancer
  2349 | D        | HP: 1/145 [12-headed hydra (8)]
  2349 | D        | Mangled by a 12-headed hydra

Illustrated notes

Levels and vault maps discovered:
D:        pitsprint [storerooms_1, entrance_room_1, metal_vault_7, armoury_3,
          mini_pit_1, grid_room_1, main_hall_1, silver_pit, the_coven_3,
          the_vestibule_1, steel_vault_5, golden_pit, hallway_of_sentries,
          crystal_vault_3, iron_vault_2, final_vault]

Skill      XL: |  1  2  3  4  5  6  7  8  9 10 |
---------------+-------------------------------+-----
Fighting       | 4 5 6 7 8 9 10 12 | 12.2
Axes           | 2 3 4 5 6 9 11 12 13 | 13.5
Armour         | 4 5 6 7 8 9 10 | 10.8
Shields        | 4 5 6 7 9 10 11 12 | 12.4
Dodging        | 2 4 6 |  6.5
Stealth        | |  0.2

Action                   |  1- 3 |  4- 6 |  7- 9 | 10-12 || total
-------------------------+-------+-------+-------+-------++-------
Melee: War axe           |     6 |       |       |       ||     6
       Hand axe          |    13 |    61 |   125 |   113 ||   312
       Headbutt          |       |       |    18 |    38 ||    56
  Use: Potion            |       |     7 |     8 |     8 ||    23
       Scroll            |       |     1 |       |       ||     1
 Stab: Invisible         |       |     1 |     5 |       ||     6
Armor: Scale mail        |     9 |     8 |       |       ||    17
       Ring mail         |       |     8 |    35 |    42 ||    85
Dodge: Dodged            |     8 |    25 |    54 |   109 ||   196
Block: Kite shield       |     8 |    27 |    65 |   106 ||   206
